 Dungeon Crawl Stone Soup version 0.14.1-26-g5a19342 (webtiles) character file.

71 Kae the Sneak (level 3, 0/16 HPs)
             Began as a Spriggan Enchanter on Aug 2, 2014.
             Slain by a hobgoblin
             ... wielding a +0,+0 club
              (2 damage)
             ... on Level 1 of the Dungeon.
             The game lasted 00:02:14 (1662 turns).

Kae the Sneak (Spriggan Enchanter)                  Turns: 1662, Time: 00:02:14

HP   0/16        AC  3     Str  5      XL: 3   Next: 42%
MP  10/11        EV 18     Int 16      God:
Gold 26          SH  0     Dex 16      Spells:  1 memorised,  7 levels left

rFire  . . .     SeeInvis +     a - +1 dagger
rCold  . . .     Clarity  .     b - +1 robe
rNeg   . . .     Conserve .     (shield restricted)
rPois  .         rCorr    .     (helmet restricted)
rElec  .         rRot     .     (no cloak)
SustAb . .       Spirit   .     (gloves unavailable)
rMut   .         Warding  .     (boots unavailable)
Saprov . . .     Stasis   .     (no amulet)
MR     .....                    (no ring)
                                (no ring)

@: very quick, not resistant to hostile enchantments, quite stealthy
A: unfitting armour, see invisible, herbivore 3, speed 3, slow metabolism 2
a: no special abilities


You were on level 1 of the Dungeon.
You were not hungry.

You visited 1 branch of the dungeon, and saw 1 of its levels.

You collected 26 gold pieces.

Inventory:

Hand weapons
 a - a +1,+1 dagger (weapon)
 i - a cursed -1,+0 dagger
Missiles
 d - 12 darts (quivered)
Armour
 b - a +1 robe (worn)
Scrolls
 h - a scroll of enchant armour {unknown}
 j - a scroll of identify {unknown}
Jewellery
 g - an uncursed amulet of faith {unknown}
Potions
 e - a potion of porridge
 f - a potion of restore abilities {unknown}
Books
 c - a book of Maledictions

   Spells                             Type                      Level
   *Corona                            Hexes                        1
   Sure Blade                         Hexes/Charms                 2
   Ensorcelled Hibernation            Hexes/Ice                    2
   Confuse                            Hexes                        3
   Enslavement                        Hexes                        4
   Invisibility                       Hexes                        6


   Skills:
 + Level 1.9 Short Blades
 - Level 1.1 Throwing
 - Level 3.0 Dodging
 * Level 4.3 Stealth
 + Level 3.2 Spellcasting
 + Level 4.1 Hexes


You had 7 spell levels left.
You knew the following spells:

 Your Spells              Type           Power        Failure   Level  Hunger
a - Corona                Hex            ###....      4%          1    None


Dungeon Overview and Level Annotations

Branches:
Dungeon (1/15)

Altars:


Innate Abilities, Weirdness & Mutations

You are tiny and cannot use many weapons and most armour.
You have supernaturally acute eyesight.
You are a herbivore.
You cover ground extremely quickly.
You need consume almost no food.


Message History

The hobgoblin shouts!
Casting: Corona
Confirm with . or Enter, or press ? or * to list all spells.
Aiming: Corona
Press: ? - help, Shift-Dir - straight line, f - hobgoblin
Aim: a hobgoblin, wielding a club The hobgoblin is outlined in light.
The hobgoblin misses you.
You hit the hobgoblin.
The hobgoblin is heavily wounded.
You hit the hobgoblin but do no damage.
The hobgoblin is heavily wounded.
The hobgoblin closely misses you.
You hit the hobgoblin but do no damage.
The hobgoblin is heavily wounded.
The hobgoblin hits you with a club.
* * * LOW HITPOINT WARNING * * *
You hit the hobgoblin.
The hobgoblin is severely wounded.
The hobgoblin hits you with a club.
You die...

#...##...###......#.#....# #.
###.........%%.............# #.
...........#####.####.#....# #.
###.#.##...# #.# #.#....# #.
##......#######.####.#.)..#####.
.......................).........
...........................#####.
##..............g###.###### #.
......#........@.# #.# #.
.....#..........# #.# #.
............))#####.###########
..............................
################........######
#........# # #........# #
#........# # #........# #


You could see a hobgoblin.

Vanquished Creatures
  A worm zombie (D:1)
  A giant gecko (D:1)
  3 goblins (D:1)
  6 hobgoblins (D:1)
  11 jackals (D:1)
  3 kobolds (D:1)
  A bat (D:1)
  A giant cockroach (D:1)
  4 rats (D:1)
31 creatures vanquished.

Notes
Turn   | Place    | Note
--------------------------------------------------------------
     0 | D:1      | Kae, the Spriggan Enchanter, began the quest for the Orb.
     0 | D:1      | Reached XP level 1. HP: 9/9 MP: 4/4
   207 | D:1      | Reached XP level 2. HP: 5/13 MP: 7/7
   983 | D:1      | Reached skill level 4 in Stealth
  1037 | D:1      | Reached XP level 3. HP: 7/16 MP: 11/11
  1662 | D:1      | Slain by a hobgoblin

Action                   || total
-------------------------++-------
Melee: Dagger            ||   209
 Cast: Corona            ||     1
 Stab: Sleeping          ||     3
